 Dungeon Crawl Stone Soup version 0.30.1-11-g7821555f0a (webtiles) character file.

Game seed: 3824094984296882291

50426 cdecastro the Fighter (level 14, -10/113 HPs)
             Began as a Black Draconian Transmuter on Jan 11, 2024.
             Was a High Priest of Hepliaklqana.
             Killed from afar by a fire dragon (41 damage)
             ... with a blast of flame
             ... on level 5 of the Lair of Beasts.
             The game lasted 01:12:23 (22859 turns).

cdecastro the Fighter (Black Draconian Transmuter) Turns: 22859, Time: 01:12:24

Health: -10/113    AC: 14    Str: 12    XL:     14   Next: 19%
Magic:  11/23      EV: 24    Int: 18    God:    Hepliaklqana [*****.]
Gold:   945        SH:  5    Dex: 19    Spells: 4/25 levels left

rFire   . .          .
                       - Unarmed
rCold   . . .        (shield currently unavailable)
rNeg    . . .        (body armour unavailable)
rPois   .            W - +2 hat {Stlth+}
rElec   +            z - +2 cloak {rCorr}
rCorr   +            (gloves currently unavailable)
SInv    .            r - +0 pair of boots
Will    +....        V - amulet of reflection
Stlth   +++          k - +5 ring of evasion
HPRegen 0.38/turn    Q - +6 ring of dexterity
MPRegen 0.18/turn

%: reflection
@: lethally poisoned (-10 -> -29), blade hands, flying
A: flying, reduced essence, breathe lightning, AC +8, unfitting armour, big
wings, electricity resistance, cold-blooded
a: Breathe Lightning, End Transformation, Renounce Religion, Recall Ancestor,
Ancestor Identity, Transference, Idealise


You were on level 5 of the Lair of Beasts.
You worshipped Hepliaklqana.
Hepliaklqana was extremely pleased with you.
You had blades for hands.
You visited 3 branches of the dungeon, and saw 18 of its levels.
You also visited: Sewer, Bailey and Gauntlet.

You collected 1351 gold pieces.
You spent 406 gold pieces at shops.

Inventory:

Missiles
 s - 16 boomerangs (quivered)
 B - a curare-tipped dart
 G - 2 throwing nets
 O - 8 javelins
Armour
 r - a +0 pair of boots (worn)
 z - a +2 cloak of preservation (worn)
 S - the +2 hat of Muata {rPois rCorr Str-4 Dex+6}
   (You found it in a Gauntlet)

   Str:       It affects your strength (-4).
   Dex:       It affects your dexterity (+6).
   rPois:     It protects you from poison.
   rCorr:     It protects you from acid and corrosion.
 W - a +2 hat of stealth (worn)
Magical Staves
 c - a staff of air
 H - a staff of cold
 Y - the staff of death "Qeteusel" {rN+ Str+2 Stlth+}
   (You found it in a Gauntlet)

   [staff of death]

   Base accuracy: +5 Base damage: 5 Base attack delay: 1.2 This weapon's minimum
   attack delay (0.6) is reached at skill level 12.
   Str:       It affects your strength (+2).
   rN:        It protects you from negative energy.
   Stlth:     It makes you more stealthy.
   It falls into the 'Staves' category.
   It is a one-handed weapon.
 Z - a staff of earth
Jewellery
 f - the ring of the Mage {Wiz Archmagi}
   (You found it in a Gauntlet)

   [ring of wizardry]

   It improves your spell success rate.
   Archmagi:  It increases the power of your magical spells.
 k - a +5 ring of evasion (left blade hand)
 t - a ring of resist corrosion
 L - a ring of wizardry
 P - a ring of magical power
 Q - a +6 ring of dexterity (right blade hand)
 V - an amulet of reflection (around neck)
 X - the ring of Syndicalism {Will+ Str+8 Int-5}
   (You took it off a minotaur in a Gauntlet)

   [ring of willpower]

   Str:       It affects your strength (+8).
   Int:       It affects your intelligence (-5).
   Will:      It increases your willpower.
Wands
 C - a wand of iceblast (20)
 E - a wand of digging (3)
 F - a wand of paralysis (10)
 U - a wand of flame (10)
Scrolls
 a - 4 scrolls of magic mapping
 d - 2 scrolls of fear
 e - 4 scrolls of poison
 g - 6 scrolls of teleportation
 h - 2 scrolls of fog
 o - 2 scrolls of acquirement
 p - a scroll of silence
 q - a scroll of torment {unknown}
 u - 2 scrolls of blinking
 v - 2 scrolls of butterflies
 w - a scroll of immolation
 y - 2 scrolls of enchant armour
 A - 3 scrolls of vulnerability
 N - a scroll of enchant weapon
Potions
 b - 7 potions of curing
 i - 2 potions of flight
 j - 3 potions of might
 l - 5 potions of attraction
 m - 7 potions of haste
 n - 4 potions of berserk rage
 x - 5 potions of brilliance
 D - 6 potions of heal wounds
 I - a potion of magic
 J - 2 potions of cancellation
 K - 3 potions of lignification
 M - 5 potions of ambrosia
 R - 3 potions of invisibility
 T - 4 potions of resistance


   Skills:
 - Level 12.0 Fighting
 - Level 11.0 Dodging
 - Level 10.0 Unarmed Combat
 + Level 6.0 Spellcasting
 - Level 10.5 Transmutations
 * Level 10.5 Air Magic
 - Level 10.0 Invocations


You had 4 spell levels left.
You knew the following spells:

 Your Spells              Type           Power      Damage    Failure   Level
a - Airstrike             Air            21%        2d(4-20)  19%         4
b - Wereblood             Tmut           43%        N/A       10%         2
c - Spider Form           Tmut/Pois      24%        N/A       30%         3
d - Ice Form              Ice/Tmut       24%        N/A       54%         4
e - Blade Hands           Tmut           21%        N/A       30%         5
f - Vhi's Electric Charg  Tloc/Air       48%        N/A       30%         3

Your spell library contained the following spells:

 Spells                   Type           Power      Damage    Failure   Level
 Beastly Appendage        Tmut           86%        N/A       8%          1
 Sting                    Tmut/Pois      96%        1d7       17%         1
 Poisonous Vapours        Pois/Air       48%        N/A       21%         2
 Kiss of Death            Conj/Necr      20%        2d7       50%         1
 Petrify                  Tmut/Erth      24%        N/A       54%         4
 Sublimation of Blood     Necr           5%         N/A       61%         2
 Confusing Touch          Hex            5%         N/A       77%         3
 Ozocubu's Armour         Ice            5%         N/A       77%         3
 Dispel Undead            Necr           5%         3d7       97%         4
 Iskenderun's Mystic Bla  Conj/Tloc      5%         2d3       97%         4
 Olgreb's Toxic Radiance  Pois           5%         N/A       97%         4
 Passage of Golubria      Tloc           5%         N/A       97%         4
 Arcjolt                  Conj/Air       12%        1d22      78%         5
 Conjure Ball Lightning   Conj/Air       12%        3x3d6     99%         6
 Plasma Beam              Fire/Air       12%        2x1d25    99%         6
 Statue Form              Tmut/Erth      16%        N/A       99%         6
 Fireball                 Conj/Fire      2%         3d4       100%        5
 Iskenderun's Battlesphe  Conj           5%         2d6       100%        5
 Metabolic Englaciation   Hex/Ice        2%         N/A       100%        5
 Iron Shot                Conj/Erth      2%         9d2       100%        6
 Simulacrum               Ice/Necr       2%         N/A       100%        6
 Orb of Destruction       Conj           2%         9d5       100%        7
 Ozocubu's Refrigeration  Ice            2%         4d8       100%        7
 Summon Hydra             Summ           2%         N/A       100%        7
 Borgnjor's Revivificati  Necr           2%         N/A       100%        8
 Maxwell's Capacitive Co  Air            21%        ∞         100%        8
 Necromutation            Tmut/Necr      12%        N/A       100%        8
 Death's Door             Necr           2%         N/A       100%        9
 Polar Vortex             Ice            2%         N/A       100%        9
 Animate Armour           Summ/Erth      Unusable   N/A       N/A         4

Dungeon Overview and Level Annotations

Branches:
Dungeon (12/15)            Temple (1/1) D:7            Lair (5/5) D:8
  Swamp (0/4) Lair:2        Snake (0/4) Lair:2        Slime (0/5) Lair:4
    Orc (0/2) D:10          Sewer (visited)          Bailey (visited)
Gauntlet (visited)

Altars:
Ashenzari
Cheibriados
Dithmenos
Elyvilon
Fedhas
Gozag
Hepliaklqana
Kikubaaqudgha
Makhleb
Nemelex Xobeh
Okawaru
Qazlal
Ru
Sif Muna
Trog
Uskayaw
Vehumet
Wu Jian
Xom
Yredelemnul
Zin
The Shining One
Jiyva

Shops:
D:10 !   D:12 :

Portals:
Trove: D:12 (give horn of Geryon)

Annotations:
D:6 Maggie
D:12 Fannar, Jorgrun
Lair:2 2 transporters, Erica; laqueoix's ghost, journeyman HOFi


Innate Abilities, Weirdness & Mutations

You have blades for hands.
You are flying.
Your spellcasting is less reliable in this form.
You are incapable of wielding weapons or throwing items.
Your life essence is reduced to manifest your ancestor. (-10% HP)
You can breathe wild blasts of lightning.
Your glossy black scales are hard. (AC +8)
You cannot fit into any form of body armour.
Your large and strong wings let you fly.
You are resistant to electric shocks. (rElec)
You are cold-blooded and may be slowed by cold attacks.


Message History

The swamp dragon completely misses you. The swamp dragon claws you.
The swamp dragon closely misses you.
The fire dragon bites you but does no damage.
The fire dragon misses you. x2
You punch the swamp dragon! You freeze the swamp dragon.
You kill the swamp dragon!
Your Spellcasting skill increases to level 6!
Unknown command.
You swap places.
The fire dragon breathes flames at you. The blast of flame hits you!!!
The fire burns you terribly!
* * * LOW HITPOINT WARNING * * *
The blast of flame hits the plant!!
The plant begins to die.
Xochitl barely misses the fire dragon.
You hear an angry hiss.
You see here a swamp dragon corpse.
Unknown command.
Casting: Vhi's Electric Charge (mildly dangerous; 4% risk of failure)
Confirm with . or Enter, or press ? or * to list all spells.
You warm up again.
Your +2 cloak of preservation unmelds from your body.
Your +2 hat of stealth unmelds from your body.
Your +0 pair of boots unmelds from your body.
You feel stealthy.
Your hands turn into razor-sharp scythe blades.
You are engulfed in poison gas.
You are poisoned.
* * * LOW HITPOINT WARNING * * *
You feel very sick.
The fire dragon closely misses you. x2; You block the fire dragon's attack.
Xochitl hits the fire dragon but does no damage.
Unknown command.
You hit the fire dragon but do no damage.
You are engulfed in poison gas.
You are more poisoned.
* * * LOW HITPOINT WARNING * * *
You feel very sick. The fire dragon breathes flames at you.
The blast of flame hits you!!!
You die...

♣♣♣♣♣♣ ♣♣.[.~♣♣♣
♣♣...≈~..♣
♣♣PP~≈≈≈.†♣♣
♣..°~♣♣~~..♣♣♣
♣♣♣..°R○♣♣~~P..♣♣
♣..~≈D@P♣♣♣~~P..♣♣
♣.~.≈~.$?$♣♣~~~..♣
♣♣♣.~~..$?♣♣♣≈...♣♣
♣..≈≈~.(..♣♣~..♣.♣♣
♣.~≈≈~.($♣♣♣~~P...♣
♣..≈≈~.$:(♣♣.≈~.P.P♣
♣~≈≈≈..♣♣♣♣.≈≈≈~♣♣.♣♣
♣~≈≈~~~. ♣P~≈♣♣~~♣.P♣
# ♣.≈. ♣♣~.≈♣♣ #


You could see the friendly Xochitl the knight and a fire dragon (catching
breath, ally target).

Vanquished Creatures
  A quicksilver ooze (Gauntlet)
  A minotaur (Gauntlet)
  5 hydras
  A boulder beetle (Lair:1)
  3 two-headed ogres
  9 death yaks
  Urug (D:10)
  2 orc high priests (Bailey)
  A skyshark (Lair:4)
  Amaemon (D:11)
  A swamp dragon (Lair:5)
  An orc knight (Bailey)
  A lindwurm (Lair:2)
  2 oklob plants (Lair:4)
  2 cyclopes (D:11)
  A salamander (Lair:2)
  A manticore (D:10)
  Joseph (D:7)
  10 cane toads
  6 rime drakes
  A tengu conjurer (Gauntlet)
  7 komodo dragons
  2 trolls
  2 polar bears
  7 blink frogs
  4 dream sheep (Lair:5)
  9 slime creatures
  A spriggan (shapeshifter) (D:9)
  The ghost of awry the Trooper, an amateur OgBe of Trog (D:4)
  A vampire (D:12)
  26 yaks
  4 wyverns
  A wraith (D:11)
  2 basilisks
  3 shadows
  A steam dragon (D:10)
  The ghost of MasterT the Conjurer, an amateur TeCj (D:3)
  9 water moccasins
  A swamp drake (Lair:5)
  Pargi (Sewer)
  A black bear (D:7)
  4 ogres
  12 orc warriors
  3 sky beasts
  11 wolves
  2 centaurs
  A phantom (D:4)
  3 kobold brigands
  5 bullfrogs
  2 gnoll sergeants (D:10)
  4 necrophages (D:6)
  3 scorpions
  2 wights
  9 electric eels
  A howler monkey (D:12)
  2 lava snakes (Lair:2)
  A bullfrog zombie (D:3)
  3 jellies
  6 hounds
  An orc priest (D:10)
  Crazy Yiuf (D:2)
  3 iguanas
  4 sleepcaps
  2 orc wizards (D:10)
  5 gnolls
  A river rat (D:4)
  11 adders
  3 shadow imps
  A white imp (D:7)
  An ufetubus (D:6)
  7 worms
  4 dart slugs
  29 orcs
  7 endoplasms
  5 giant cockroaches
  12 goblins
  7 hobgoblins
  2 jackals (D:3)
  3 quokkas
  10 ball pythons
  8 bats
  2 frilled lizards
  15 kobolds
  8 rats
362 creatures vanquished.

Vanquished Creatures (collateral kills)
  A catoblepas (Lair:5)
  A tengu warrior (Gauntlet)
  A death yak (D:8)
  A soul eater (Gauntlet)
  2 black mambas
  An orange demon (D:11)
  2 cane toads
  An unseen horror (D:12)
  3 komodo dragons
  A troll (D:9)
  2 blink frogs
  2 dream sheep (Lair:5)
  5 yaks
  2 wyverns
  A basilisk (D:12)
  The ghost of cdecastro the Changer, an amateur DrTm (D:4)
  2 acid dragons
  3 water moccasins
  An orc warrior (Bailey)
  An ogre (D:6)
  A wolf (Lair:1)
  5 bullfrogs
  A wight (D:7)
  2 electric eels (Bailey)
  A howler monkey (D:7)
  A centaur zombie (D:3)
  A lava snake (Lair:2)
  2 bullfrog zombies (D:6)
  A jelly (D:6)
  A bullfrog skeleton (D:3)
  2 gnolls (D:10)
  A shadow imp (Gauntlet)
  10 orcs
  A hobgoblin (Bailey)
  2 kobolds (D:8)
  A goblin (Bailey)
67 creatures vanquished.

Vanquished Creatures (others)
  6 knights
  2 ancestors
8 creatures vanquished.

Grand Total: 437 creatures vanquished

Notes
Turn   | Place    | Note
-------+----------+-------------------------------------------
     0 | D:1      | cdecastro the Draconian Transmuter began the quest for the
                  | Orb.
     0 | D:1      | Reached XP level 1. HP: 16/16 MP: 3/3
   150 | D:1      | Reached XP level 2. HP: 23/23 MP: 1/5
   803 | D:1      | Learned a level 2 spell: Wereblood
   993 | D:2      | Reached XP level 3. HP: 27/28 MP: 4/6
  1595 | D:2      | Found a runed translucent door.
  1596 | D:2      | Noticed Crazy Yiuf
  1851 | D:3      | Found a faded altar of an unknown god.
  1915 | D:3      | Reached XP level 4. HP: 35/35 MP: 5/7
  2135 | D:3      | Found a runed translucent gate.
  2143 | D:3      | Found a runed translucent gate.
  2144 | D:3      | Found a runed translucent gate.
  2146 | D:3      | Noticed MasterT's ghost (amateur TeCj)
  2161 | D:3      | Noticed a scorpion
  2720 | D:4      | Noticed a phantom
  2849 | D:4      | Noticed an ogre
  2863 | D:4      | Killed an ogre
  2864 | D:4      | Reached skill level 5 in Unarmed Combat
  2864 | D:4      | Reached XP level 5. HP: 40/40 MP: 8/8
  2980 | D:4      | Found a glowing drain.
  2989 | Sewer    | Entered a sewer
  3076 | Sewer    | Noticed Pargi
  3083 | Sewer    | Killed Pargi
  3084 | Sewer    | Reached XP level 6. HP: 47/47 MP: 9/9
  3678 | D:4      | Learned a level 3 spell: Spider Form
  3698 | D:4      | Found a runed translucent gate.
  3698 | D:4      | Found a runed translucent gate.
  3698 | D:4      | Found a runed translucent gate.
  3699 | D:4      | Noticed cdecastro's ghost (amateur DrTm)
  3700 | D:4      | Noticed awry's ghost (amateur OgBe)
  3728 | D:5      | Entered Level 5 of the Dungeon
  3772 | D:5      | Noticed an ice beast
  3862 | D:5      | Your scales start taking on a glossy black colour.
  3862 | D:5      | Reached XP level 7. HP: 50/52 MP: 8/10
  3862 | D:5      | Gained mutation: You are resistant to electric shocks.
                  | (rElec) [Black Draconian growth]
  4058 | D:2      | Killed Crazy Yiuf
  4463 | D:5      | Reached skill level 5 in Transmutations
  4503 | D:5      | Found a hazy altar of Hepliaklqana.
  4510 | D:5      | Found an iron altar of Okawaru.
  4535 | D:5      | Became a worshipper of Hepliaklqana the Forgotten
  5039 | D:6      | Found a glowing silver altar of Zin.
  5197 | D:6      | Reached * piety under Hepliaklqana
  5358 | D:6      | Noticed Maggie
  5484 | D:6      | Reached XP level 8. HP: 27/53 MP: 9/11
  6007 | D:6      | Found a blossoming altar of Fedhas.
  6272 | D:6      | Reached skill level 10 in Unarmed Combat
  6446 | D:7      | Reached skill level 2 in Fighting
  6446 | D:7      | Reached XP level 9. HP: 58/60 MP: 8/12
  6486 | D:7      | Found a staircase to the Ecumenical Temple.
  6515 | Temple   | Entered the Ecumenical Temple
  6589 | D:7      | Reached skill level 3 in Fighting
  6738 | D:7      | Reached skill level 4 in Fighting
  6972 | D:7      | Noticed Joseph
  6992 | D:7      | Killed Joseph
  6993 | D:7      | Reached skill level 5 in Fighting
  7412 | D:7      | Found a burning altar of Makhleb.
  7472 | D:7      | Found a shimmering blue altar of Sif Muna.
  7637 | D:8      | Reached skill level 6 in Fighting
  7654 | D:8      | Reached skill level 7 in Fighting
  7787 | D:8      | Reached XP level 10. HP: 77/77 MP: 9/13
  7824 | D:8      | Reached ** piety under Hepliaklqana
  7825 | D:8      | Remembered your ancestor Xochitl as a knight
  7828 | D:8      | Noticed a death yak
  7831 | D:8      | Noticed a death yak
  7840 | D:8      | Noticed a death yak
  7960 | D:3      | Killed MasterT's ghost
  7996 | D:3      | Learned a level 4 spell: Ice Form
  8114 | D:4      | Killed awry's ghost
  8115 | D:4      | Reached skill level 8 in Fighting
  8122 | D:4      | Killed cdecastro's ghost
  8413 | D:8      | Noticed a death yak
  8415 | D:8      | Noticed a death yak
  8417 | D:8      | Noticed a death yak
  8419 | D:8      | Noticed a death yak
  8425 | D:8      | Killed a death yak
  8426 | D:8      | Killed a death yak
  8427 | D:8      | Reached skill level 9 in Fighting
  8428 | D:8      | Killed a death yak
  8429 | D:8      | Reached skill level 10 in Fighting
  8432 | D:8      | Found a staircase to the Lair.
  8449 | D:8      | Killed a death yak
  8555 | D:8      | Noticed a two-headed ogre
  8565 | D:8      | Killed a two-headed ogre
  8566 | D:8      | Reached skill level 10 in Transmutations
  8803 | D:8      | Killed a death yak
  8804 | D:8      | Reached skill level 11 in Fighting
  8804 | D:8      | Reached XP level 11. HP: 91/91 MP: 6/14
  8816 | D:8      | Killed a death yak
  8819 | D:8      | Killed a death yak
  9461 | D:9      | Found a flagged portal.
  9471 | Bailey   | Entered a bailey
  9777 | Bailey   | Noticed an orc high priest
  9778 | Bailey   | Reached skill level 12 in Fighting
  9787 | Bailey   | Killed an orc high priest
  9788 | Bailey   | Reached skill level 1 in Invocations
  9996 | Bailey   | Found an iron altar of Okawaru.
  9998 | Bailey   | Noticed an orc high priest
 10014 | Bailey   | Killed an orc high priest
 10296 | Bailey   | Noticed an orc knight
 10311 | Bailey   | Killed an orc knight
 10596 | D:9      | Reached skill level 5 in Dodging
 10994 | D:9      | Found an ornate altar of the Wu Jian Council.
 11097 | D:10     | Entered Level 10 of the Dungeon
 11201 | D:10     | Reached *** piety under Hepliaklqana
 11513 | D:10     | Noticed a two-headed ogre
 11519 | D:10     | Killed a two-headed ogre
 11520 | D:10     | Reached skill level 5 in Invocations
 11797 | D:10     | Found Yxiq's Distillery.
 11808 | D:10     | Bought a potion of magic for 112 gold pieces
 11808 | D:10     | Bought a potion of cancellation for 112 gold pieces
 11808 | D:10     | Bought 3 potions of lignification for 126 gold pieces
 11808 | D:10     | Bought a potion of might for 56 gold pieces
 11943 | D:10     | Noticed a two-headed ogre
 11947 | D:10     | Killed a two-headed ogre
 11948 | D:10     | Reached XP level 12. HP: 100/100 MP: 10/16
 12091 | D:10     | Noticed Urug
 12102 | D:10     | Killed Urug
 12450 | D:10     | Found a staircase to the Orcish Mines.
 13035 | D:11     | Reached **** piety under Hepliaklqana
 13372 | D:11     | Noticed Amaemon
 13387 | D:11     | Killed Amaemon
 13847 | D:12     | Found a portal to a secret trove of treasure.
 13849 | D:12     | Noticed Fannar
 14276 | D:12     | Found Sexi's Book Emporium.
 14442 | D:12     | Noticed Jorgrun
 14650 | Lair:1   | Entered Level 1 of the Lair of Beasts
 14664 | Lair:1   | Noticed a boulder beetle
 14679 | Lair:1   | Killed a boulder beetle
 15355 | Lair:1   | Reached skill level 10 in Dodging
 15446 | Lair:1   | Reached ***** piety under Hepliaklqana
 16392 | Lair:2   | Reached XP level 13. HP: 28/106 MP: 15/19
 16706 | Lair:2   | Noticed Erica
 16771 | Lair:2   | Found a staircase to the Swamp.
 17188 | Lair:2   | Found a transporter.
 17188 | Lair:2   | Noticed laqueoix's ghost (journeyman HOFi)
 17192 | Lair:2   | Found a transporter.
 17739 | Lair:2   | Found a staircase to the Snake Pit.
 18179 | Lair:3   | Found a gate leading to a gauntlet.
 18256 | Gauntlet | Entered a Gauntlet
 18256 | Gauntlet | Found a transporter.
 18256 | Gauntlet | Found a transporter.
 18256 | Gauntlet | Found a transporter.
 18269 | Gauntlet | Found a transporter.
 18269 | Gauntlet | Found the amulet of the Four Winds {rN+ Will+++ Clar}
 18270 | Gauntlet | Found a transporter.
 18273 | Gauntlet | Found a transporter.
 18281 | Gauntlet | Found a transporter.
 18282 | Gauntlet | Found a transporter.
 18284 | Gauntlet | Found a transporter.
 18284 | Gauntlet | Found a transporter.
 18292 | Gauntlet | Found a transporter.
 18297 | Gauntlet | Found a transporter.
 18299 | Gauntlet | Noticed a quicksilver ooze
 18798 | Gauntlet | Learned a level 5 spell: Blade Hands
 18813 | Gauntlet | Killed a quicksilver ooze
 18814 | Gauntlet | Reached skill level 10 in Invocations
 18814 | Gauntlet | Reached skill level 1 in Air Magic
 18826 | Gauntlet | Got Cazeuged's More Willworking
 18828 | Gauntlet | Identified the +2 hat of Muata {rPois rCorr Str-4 Dex+6}
 18982 | Gauntlet | Found the ring of the Mage {Wiz Archmagi}
 18982 | Gauntlet | Identified the ring of Syndicalism {Will+ Str+8 Int-5}
 18982 | Gauntlet | Noticed a minotaur
 19000 | Gauntlet | Killed a minotaur
 19010 | Gauntlet | Identified the staff of death "Qeteusel" {rN+ Str+2 Stlth+}
 19665 | Lair:3   | Reached skill level 5 in Air Magic
 20274 | Lair:4   | Found a viscous altar of Jiyva.
 20276 | Lair:4   | Found a staircase to the Slime Pits.
 21373 | Lair:4   | Found the +1 robe of Vines {NoPotionHeal Regen++++}
 21384 | Lair:4   | Reached skill level 5 in Spellcasting
 21558 | Lair:5   | Entered Level 5 of the Lair of Beasts
 21844 | Lair:4   | Learned a level 4 spell: Airstrike
 21848 | Lair:4   | Learned a level 3 spell: Vhi's Electric Charge
 22008 | Lair:5   | Gained mutation: Your large and strong wings let you fly.
                  | [Black Draconian growth]
 22008 | Lair:5   | Reached XP level 14. HP: 107/113 MP: 12/21
 22539 | Lair:5   | Reached skill level 10 in Air Magic
 22859 | Lair:5   | Killed from afar by a fire dragon

Illustrated notes

Levels and vault maps discovered:
D:1:      dpeg_arrival_rooms_a, layout_basic, minmay_misc_feat_ornament
D:2:      layout_loops_ring, amcnicky_mini_pool_small, uniq_crazy_yiuf_cottage
D:3:      layout_basic, gammafunk_ghost_necromancy,
          shapermc_ecumenical_altar_venn
D:4:      layout_rooms, gammafunk_ghost_cemetery, lightli_sewer_entry_pipes
D:5:      layout_cave_pools, mainiacjoe_overflow_catwalk_spiral
D:6:      layout_loops_ring, mainiacjoe_overflow_tiny_flanked,
          fedhas_altar_decomposition, minmay_pentangle, uniq_maggie
D:7:      layout_basic, makhleb_heckhound_becter, led_sif_pool,
          minmay_temple_entry_glass, uniq_joseph
D:8:      layout_basic, dpeg_lair_monsters, chequers_serial_rivers_small_b,
          serial_bayou_pond_e
D:9:      layout_roguey, nzn_wu_jian_council_hall, enter_bailey_2
D:10:     layout_grid_maze, hiddenorc1_lemuel, serial_shops,
          nicolae_shop_industrial_runoff, minmay_circle_x, uniq_urug
D:11:     layout_basic, uniq_amaemon
D:12:     minmay_weird_star, layout_cave_pods, serial_shops, shop,
          enter_trove_1, dancing_weapons_uskayaw, uniq_jorgrun, uniq_fannar
Temple:   nicolae_temple_no_exploring_needed
Lair:1:   layout_cave_pods, grunt_megastairs_4
Lair:2:   layout_hall_layers, minmay_swamp_entry_eels,
          nicolae_snake_entry_warm_welcome, gammafunk_ghost_hive,
          nicolae_quartered_pool_super, hangedman_lair_unloving_vines,
          uniq_erica
Lair:3:   layout_small_grid, gauntlet_entry_generic
Lair:4:   layout_cave_pods, minmay_slime_entry_pillars,
          hellmonk_guarded_unrand_vines, grunt_megastairs_5
Lair:5:   guppyfry_lair_end_dragon, layout_gridlike, hangedman_lair_in_review

Skill      XL: |  1  2  3  4  5  6  7  8  9 10 11 12 13 14 |
---------------+-------------------------------------------+-----
Unarmed Combat | 4 5 6 8 10 | 10.0
Transmutations | 3 4 5 7 8 10 | 10.5
Fighting       | 2 7 11 12 | 12.0
Dodging        | 6 10 11 | 11.0
Invocations    | 5 8 10 | 10.0
Air Magic      | 9 10 | 10.5
Spellcasting   | 5 6 |  6.0

Action                     |  1- 3 |  4- 6 |  7- 9 | 10-12 | 13-15 || total
---------------------------+-------+-------+-------+-------+-------++-------
  Melee: Unarmed           |    88 |   143 |   220 |   445 |   296 ||  1192
         Kick              |    22 |    19 |    11 |     1 |     2 ||    55
         Headbutt          |     9 |    12 |    14 |     2 |     1 ||    38
         Tailslap          |    10 |    14 |     6 |     2 |    33 ||    65
         Punch             |     4 |     6 |     1 |     2 |    15 ||    28
  Throw: Dart              |       |     4 |     1 |     3 |       ||     8
   Cast: Beastly Appendage |    31 |    17 |     9 |     4 |     2 ||    63
         Wereblood         |       |     3 |     7 |    17 |     7 ||    34
         Spider Form       |       |       |    25 |     3 |       ||    28
         Ice Form          |       |       |       |    46 |    15 ||    61
         Blade Hands       |       |       |       |       |    26 ||    26
         Airstrike         |       |       |       |       |     7 ||     7
         Vhi's Electric Ch |       |       |       |       |     3 ||     3
 Invoke: Recall Ancestor   |       |       |       |     4 |     6 ||    10
         Ancestor Life: Kn |       |       |       |     1 |       ||     1
         Idealise          |       |       |       |       |     1 ||     1
Ability: Breathe Lightning |       |       |     2 |       |     2 ||     4
         End Transformatio |       |       |       |     1 |       ||     1
    Use: Potion            |       |     2 |     1 |       |       ||     3
         Scroll            |       |       |       |    11 |    15 ||    26
   Stab: Sleeping          |       |     1 |       |       |     1 ||     2
         Distracted        |       |       |       |     3 |       ||     3
 Armour: Skin              |    29 |    32 |    19 |    60 |    55 ||   195
  Dodge: Dodged            |    60 |   110 |   171 |   343 |   272 ||   956
  Block: Other             |       |       |       |       |    46 ||    46
         Reflection        |       |       |       |       |     1 ||     1
